 Dungeon Crawl Stone Soup version 0.30.1-11-g7821555f0a (webtiles) character file.

Game seed: 6467912416863471419

33174 bnorton916 the Eclecticist (level 13, -1/63 HPs)
             Began as a Deep Elf Conjurer on Dec 11, 2023.
             Was an Initiate of Gozag.
             Killed from afar by FakeRyeBread's ghost (35 damage)
             ... with a stone arrow
             ... on level 3 of the Lair of Beasts.
             The game lasted 00:50:37 (27421 turns).

bnorton916 the Eclecticist (Deep Elf Conjurer)     Turns: 27421, Time: 00:50:38

Health: -1/63      AC:  9    Str:  6    XL:     13   Next: 35%
Magic:  26/35      EV: 14    Int: 32    God:    Gozag
Gold:   653        SH:  5    Dex: 19    Spells: 23/44 levels left

rFire   . . .        f - +3 quarterstaff "Honud" {elec, rElec rC- rN+ Int+5}
rCold   + + .        (shield currently unavailable)
rNeg    + + .        O - +4 skin of Zhor {*Englaciate rC+++ SInv}
rPois   +            A - +1 hat
rElec   +            Q - +0 cloak
rCorr   .            (no gloves)
SInv    +            a - +0 pair of boots
Will    ++...        B - amulet of reflection
Stlth   +++          g - ring of poison resistance
HPRegen 0.30/turn    o - ring "Onkein" {Drain rN+ Will+ Dex+6}
MPRegen 0.24/turn

%: reflection
@: no status effects
A: no striking features
a: Renounce Religion, Potion Petition, Call Merchant, Bribe Branch


You were on level 3 of the Lair of Beasts.
You worshipped Gozag.
Gozag was pleased with you.
You visited 3 branches of the dungeon, and saw 14 of its levels.
You visited the Abyss 1 time.

You collected 3214 gold pieces.
You spent 1795 gold pieces at shops.
You paid 766 gold pieces to Gozag.

Inventory:

Hand Weapons
 f - the +3 quarterstaff "Honud" (weapon) {elec, rElec rC- rN+ Int+5}
   (You found it on level 2 of the Dungeon)

   Int:       It affects your intelligence (+5).
   rC:        It makes you vulnerable to cold.
   rElec:     It insulates you from electricity.
   rN:        It protects you from negative energy.
 k - a +0 vampiric dagger
 C - a +0 short sword
 U - the +3 war axe "Geji" {freeze, rN+ Dex+3 Stlth-}
   (You found it on level 5 of the Dungeon)

   Dex:       It affects your dexterity (+3).
   rN:        It protects you from negative energy.
   Stlth:     It makes you less stealthy.
Missiles
 w - 74 poisoned darts
 S - 5 silver javelins
Armour
 a - a +0 pair of boots (worn)
 t - a +2 leather armour of fire resistance
 A - a +1 hat (worn)
 O - the +4 skin of Zhor (worn) {*Englaciate rC+++ SInv}
   (You bought it in a shop on level 4 of the Dungeon)

   *Englaciate: It radiates cold, occasionally slowing all nearby creatures who
   are not resistant to cold.
   rC:        It renders you almost immune to cold.
   SInv:      It lets you see invisible.
 Q - a +0 cloak (worn)
Jewellery
 c - an amulet of regeneration
 g - a ring of poison resistance (left hand)
 j - a +4 ring of slaying
 o - the ring "Onkein" (right hand) {Drain rN+ Will+ Dex+6}
   (You found it on level 3 of the Dungeon)

   [ring of dexterity]

   Dex:       It affects your dexterity (+6).
   rN:        It protects you from negative energy.
   Drain:     It drains your maximum health when unequipped.
   Will:      It increases your willpower.
 B - an amulet of reflection (around neck)
Wands
 q - a wand of polymorph (16)
 D - a wand of charming (4)
 K - a wand of iceblast (6)
 L - a wand of mindburst (17)
Scrolls
 h - 2 scrolls of silence
 l - 6 scrolls of teleportation
 n - 2 scrolls of vulnerability
 r - 2 scrolls of poison
 v - 5 scrolls of enchant weapon
 y - 2 scrolls of fear
 E - 3 scrolls of blinking
 H - a scroll of immolation
 I - 2 scrolls of noise
 J - a scroll of fog
 N - 2 scrolls of torment
 P - 2 scrolls of amnesia
 T - a scroll of enchant armour {unknown}
Potions
 b - a potion of magic
 d - 8 potions of heal wounds
 e - 2 potions of invisibility
 i - 3 potions of flight
 m - 3 potions of resistance
 p - 3 potions of might
 s - 2 potions of ambrosia
 u - 2 potions of haste
 x - 5 potions of lignification
 z - 4 potions of curing {unknown}
 F - 2 potions of mutation {unknown}
 G - 2 potions of attraction {unknown}
 M - 4 potions of degeneration {unknown}
 R - a potion of berserk rage {unknown}


   Skills:
 - Level 4.0 Armour
 - Level 4.7 Dodging
 - Level 5.2 Stealth
 + Level 16.3 Spellcasting
 + Level 14.3 Conjurations
 - Level 4.0 Hexes
 - Level 3.2 Translocations
 + Level 12.6 Ice Magic
 - Level 3.0 Air Magic
 - Level 3.0 Poison Magic


You had 23 spell levels left.
You knew the following spells:

 Your Spells              Type           Power      Damage    Failure   Level
a - Magic Dart            Conj           100%       1d8       0%          1
b - Searing Ray           Conj           100%       2d8       0%          2
c - Fulminant Prism       Conj/Hex       35%        3d17      1%          4
d - Iskenderun's Mystic   Conj/Tloc      70%        2d14      1%          4
e - Mephitic Cloud        Conj/Pois/Air  62%        N/A       1%          3
f - Freezing Cloud        Conj/Ice/Air   37%        6-21      1%          5
g - Poisonous Vapours     Pois/Air       90%        N/A       1%          2

Your spell library contained the following spells:

 Spells                   Type           Power      Damage    Failure   Level
 Beastly Appendage        Tmut           52%        N/A       1%          1
 Lesser Beckoning         Tloc           94%        N/A       1%          2
 Momentum Strike          Conj/Tloc      100%       3d10      1%          2
 Dazzling Flash           Conj/Hex       100%       N/A       1%          3
 Stone Arrow              Conj/Erth      100%       3d13      1%          3
 Sticky Flame             Conj/Fire      64%        2d8       1%          4
 Call Imp                 Summ           52%        N/A       2%          2
 Wereblood                Tmut           26%        N/A       2%          2
 Spider Form              Tmut/Pois      35%        N/A       2%          3
 Volatile Blastmotes      Fire/Tloc      72%        2d16      2%          3
 Animate Armour           Summ/Erth      52%        N/A       16%         4
 Lee's Rapid Deconstruct  Erth           13%        3d9*      41%         5
 Lehudib's Crystal Spear  Conj/Erth      32%        10d8      99%         8
 Fire Storm               Conj/Fire      32%        8d8       100%        9


Dungeon Overview and Level Annotations

Branches:
Dungeon (10/15)            Temple (1/1) D:6            Lair (3/5) D:9
  Swamp (0/4) Lair:2        Snake (0/4) Lair:3          Orc (0/2) D:10

Altars:
Ashenzari
Cheibriados
Dithmenos
Elyvilon
Fedhas
Gozag
Hepliaklqana
Kikubaaqudgha
Makhleb
Nemelex Xobeh
Okawaru
Qazlal
Ru
Sif Muna
Trog
Uskayaw
Vehumet
Wu Jian
Xom
Yredelemnul
Zin
The Shining One

Shops:
D:4 [   D:5 (   D:10 (   Lair:2 :

Portals:
Trove: D:10 (give 5 scrolls of blinking)

Annotations:
Lair:3 FakeRyeBread's ghost, journeyman GrFE


Message History

Things that are here:
a +0 war axe; a +0 robe You now have 635 gold pieces (gained 16).
You see here a +0 flail.
You now have 653 gold pieces (gained 18).
Found a runed translucent door.
FakeRyeBread's ghost turns its malevolent gaze towards you.
Press: ? - help, v - describe, . - travel
Here: FakeRyeBread's ghost (fire blocked by a translucent stone wall)
The floor.
Unknown command.
FakeRyeBread's ghost says, "I will blast you to bits."
You open the door.
Casting: Freezing Cloud (dangerous; 1% risk of failure)
Confirm with . or Enter, or press ? or * to list all spells.
You don't know that spell.
Okay, then.
Unknown command.
Casting: Freezing Cloud (dangerous; 1% risk of failure)
Confirm with . or Enter, or press ? or * to list all spells.
You erupt in a blast of force!
The mystic blast hits FakeRyeBread's ghost!
FakeRyeBread's ghost is lightly damaged.
FakeRyeBread's ghost is knocked back by the mystic blast.
You hear a trumpeting!
FakeRyeBread's ghost whispers, "It is all a dream - a grotesque and foolish dream."
FakeRyeBread's ghost gestures at you while chanting.
The stone arrow hits you!!
Unknown command.
Casting: Iskenderun's Mystic Blast (safe; 1% risk of failure)
Confirm with . or Enter, or press ? or * to list all spells.
Aiming: Freezing Cloud (dangerous; 1% risk of failure)
Press: ? - help, Dir - move target, f - FakeRyeBread's ghost
Aim: FakeRyeBread's ghost (lightly damaged)
An elephant comes into view.
FakeRyeBread's ghost points at you and mumbles some strange words.
The stone arrow hits you!!
Ouch! That really hurt!
You die...
Your body crumbles into a pile of gold.

###...........##⌠##....##.#
# ##)........##...##....##
###.........##..!..##....#
$
.###........#⌠.§♣§.⌠#...##
...#........##.§W§.##...P#
....#........##§§§##....##
.....##.......##.##....##
###...##.......#'#....##
###....#........@.....#
.##....#.#................
......................#....
..⌠.....⌠#..#........#.....
...........####............
.##....#### #..#.........
###....# P..#........
#.....## ##..#.....Y.
##....#


You could see an elephant and FakeRyeBread's ghost.

Vanquished Creatures
  Rupert (Lair:3)
  Gastronok (Lair:2)
  Nessos (Lair:3)
  Erolcha (D:9)
  A hydra (Lair:3)
  A centaur warrior (D:8)
  5 two-headed ogres
  2 boulder beetles
  Urug (Lair:1)
  The ghost of Jingleheimer the Changer, a novice OpTm of Gozag (D:8)
  A lindwurm (Lair:3)
  2 bog bodies (Lair:2)
  Pikel (D:5)
  An ugly thing (D:10)
  4 elephants
  Joseph (Lair:1)
  A torpor snail (Lair:3)
  3 cane toads
  4 kobold demonologists (D:9)
  5 komodo dragons
  A rime drake (Lair:1)
  A hornet (D:9)
  Prince Ribbit (Lair:1)
  7 dream sheep (Lair:2)
  2 blink frogs (Lair:1)
  2 shadows (D:9)
  A vampire (D:10)
  3 wyverns
  A steam dragon (D:9)
  34 yaks
  A wraith (D:9)
  Eustachio (D:4)
  Grum (D:8)
  3 basilisks
  4 vampire mosquitoes
  3 nagas (Lair:3)
  An acid dragon (D:10)
  Duvessa (D:5)
  The ghost of anacleto the Shooter, an amateur SpHu (D:4)
  6 water moccasins
  3 black bears
  An ice beast (D:8)
  An ogre (D:5)
  4 wolves (D:8)
  3 centaurs
  2 lemures
  8 kobold brigands
  9 bullfrogs
  A gnoll sergeant (D:8)
  4 scorpions
  Dowan (D:5)
  10 wights
  15 killer bees
  4 howler monkeys
  2 hounds
  2 gnoll boudas (D:8)
  6 orc priests
  4 jellies
  2 iron imps (D:5)
  2 sleepcaps
  2 iguanas
  9 orc wizards
  11 gnolls
  3 adders
  2 shadow imps
  A white imp (D:6)
  4 ufetubi
  4 dart slugs
  31 orcs
  10 ball pythons
  5 endoplasms
  5 giant cockroaches
  4 goblins
  6 hobgoblins
  10 jackals
  41 kobolds
  6 quokkas
  5 bats
  A frilled lizard (D:3)
  6 rats
363 creatures vanquished.

Vanquished Creatures (others)
  68 fulminant prisms
68 creatures vanquished.

Grand Total: 431 creatures vanquished

Notes
Turn   | Place    | Note
-------+----------+-------------------------------------------
     0 | D:1      | bnorton916 the Deep Elf Conjurer began the quest for the
                  | Orb.
     0 | D:1      | Reached XP level 1. HP: 10/10 MP: 6/6
   196 | D:1      | Reached XP level 2. HP: 15/15 MP: 5/8
   461 | D:1      | Learned a level 2 spell: Searing Ray
  1068 | D:1      | Reached XP level 3. HP: 19/19 MP: 8/10
  1163 | D:1      | Found a faded altar of an unknown god.
  1670 | D:2      | Identified the +3 quarterstaff "Honud" {elec, rElec rC- rN+
                  | Int+5}
  2195 | D:2      | Reached XP level 4. HP: 24/24 MP: 5/11
  2201 | D:2      | Reached skill level 4 in Spellcasting
  2365 | D:3      | Learned a level 4 spell: Fulminant Prism
  2370 | D:3      | Learned a level 4 spell: Iskenderun's Mystic Blast
  2387 | D:3      | Reached skill level 5 in Conjurations
  2470 | D:3      | Identified the ring "Onkein" {Drain rN+ Will+ Dex+6}
  2548 | D:3      | Noticed a +0 falchion
  2549 | D:3      | Noticed a +0 spear
  2550 | D:3      | Noticed a +0 dagger
  2551 | D:3      | Noticed a +0 dagger
  2551 | D:3      | Noticed a +0 short sword
  2551 | D:3      | Noticed a +0 spear
  2552 | D:3      | Noticed a +0 short sword
  2552 | D:3      | Noticed a +0 falchion
  2554 | D:3      | Found a hide-covered altar of Uskayaw.
  2570 | D:3      | Reached XP level 5. HP: 28/28 MP: 4/13
  2693 | D:3      | Found a shadowy altar of Dithmenos.
  2855 | D:3      | Found a white marble altar of Elyvilon.
  3277 | D:4      | Found a broken altar of Ashenzari.
  3324 | D:4      | Found a runed translucent door.
  3324 | D:4      | Noticed anacleto's ghost (amateur SpHu)
  3440 | D:4      | Found a hazy altar of Hepliaklqana.
  3589 | D:4      | Found a glowing silver altar of Zin.
  3765 | D:4      | Noticed Eustachio
  3773 | D:4      | Reached skill level 5 in Spellcasting
  3773 | D:4      | Reached XP level 6. HP: 32/32 MP: 8/15
  3960 | D:4      | Killed Eustachio
  3961 | D:4      | Reached skill level 5 in Stealth
  4054 | D:3      | Learned a level 3 spell: Mephitic Cloud
  4151 | D:4      | Found Batu's Antique Armour Shop.
  4288 | D:4      | Found an ornate altar of the Wu Jian Council.
  4408 | D:4      | Reached skill level 1 in Hexes
  4408 | D:4      | Reached XP level 7. HP: 36/36 MP: 12/17
  4412 | D:4      | Reached skill level 1 in Translocations
  5055 | D:5      | Entered Level 5 of the Dungeon
  5503 | D:5      | Reached skill level 1 in Armour
  5762 | D:5      | Reached skill level 6 in Spellcasting
  5867 | D:5      | Noticed Dowan
  5874 | D:5      | Identified the +3 ring mail of the Spider Nest {Slay+3}
  5905 | D:5      | Noticed Pikel
  5919 | D:5      | Killed Dowan
  5920 | D:5      | Noticed Duvessa
  6297 | D:5      | Killed Pikel
  6298 | D:5      | Reached XP level 8. HP: 41/41 MP: 8/20
  6492 | D:5      | Learned a level 5 spell: Freezing Cloud
  6501 | D:5      | Killed Duvessa
  6502 | D:5      | Reached skill level 7 in Spellcasting
  6982 | D:5      | Found a burning altar of Makhleb.
  7225 | D:5      | Found Extocorph's Antique Weapon Boutique.
  7246 | D:5      | Identified the +3 war axe "Geji" {freeze, rN+ Dex+3 Stlth-}
  7307 | D:5      | Found a glowing golden altar of the Shining One.
  7535 | D:6      | Found a stormy altar of Qazlal.
  7645 | D:6      | Reached skill level 1 in Ice Magic
  8236 | D:6      | Reached skill level 1 in Air Magic
  8236 | D:6      | Reached skill level 1 in Poison Magic
  8955 | D:6      | Reached XP level 9. HP: 45/45 MP: 14/22
  9452 | D:6      | Found a staircase to the Ecumenical Temple.
  9458 | Temple   | Entered the Ecumenical Temple
  9650 | Temple   | Became a worshipper of Gozag Ym Sagoz the Greedy
  9851 | D:7      | Reached skill level 8 in Spellcasting
 11339 | D:8      | Reached skill level 9 in Spellcasting
 11660 | D:8      | Found a snail-covered altar of Cheibriados.
 11901 | D:8      | Noticed Grum
 11908 | D:8      | Reached skill level 5 in Ice Magic
 11908 | D:8      | Reached XP level 10. HP: 33/50 MP: 13/25
 12241 | D:8      | Reached skill level 10 in Spellcasting
 12420 | D:8      | Noticed a two-headed ogre
 12437 | D:8      | Killed a two-headed ogre
 12815 | D:8      | Found an iron altar of Okawaru.
 12982 | D:8      | Found a runed translucent gate.
 12983 | D:8      | Found a runed translucent gate.
 12983 | D:8      | Found a runed translucent gate.
 12984 | D:8      | Found an opulent altar of Gozag.
 12984 | D:8      | Noticed a centaur warrior
 12985 | D:8      | Noticed Jingleheimer's ghost (novice OpTm)
 14377 | D:8      | Killed Grum
 14378 | D:8      | Reached skill level 11 in Spellcasting
 14431 | D:8      | Reached skill level 10 in Conjurations
 14620 | D:9      | Noticed a rust devil
 14622 | D:9      | Noticed Erolcha
 14623 | D:9      | Noticed an orange demon
 14816 | Abyss:1  | Cast into level 1 of the Abyss (Erolcha)
 14834 | D:9      | Escaped the Abyss
 14967 | D:9      | Killed Erolcha
 14968 | D:9      | Reached XP level 11. HP: 54/54 MP: 13/28
 16309 | D:9      | Reached skill level 12 in Spellcasting
 16320 | D:9      | Noticed a two-headed ogre
 16327 | D:9      | Killed a two-headed ogre
 16513 | D:9      | Noticed a two-headed ogre
 16519 | D:9      | Killed a two-headed ogre
 17624 | D:9      | Found a staircase to the Lair.
 17823 | D:9      | Noticed a boulder beetle
 17834 | D:9      | Learned a level 2 spell: Poisonous Vapours
 17855 | D:9      | Killed a boulder beetle
 17856 | D:9      | Reached skill level 13 in Spellcasting
 18707 | D:10     | Entered Level 10 of the Dungeon
 18808 | D:10     | Found a portal to a secret trove of treasure.
 18817 | D:10     | Noticed a two-headed ogre
 18824 | D:10     | Killed a two-headed ogre
 19101 | D:10     | Found a staircase to the Orcish Mines.
 19124 | D:10     | Found Zaeqyus's Antique Weapon Emporium.
 19247 | D:10     | Noticed a two-headed ogre
 19254 | D:10     | Killed a two-headed ogre
 19434 | D:10     | Got the Incunabulum of Planar Causimancy
 19440 | D:10     | Noticed a cyan ugly thing
 19461 | D:10     | Killed a cyan ugly thing
 19462 | D:10     | Reached skill level 10 in Ice Magic
 19462 | D:10     | Reached XP level 12. HP: 59/59 MP: 18/31
 19966 | D:4      | Bought the +4 skin of Zhor {*Englaciate rC+++ SInv} for
                  | 1795 gold pieces
 19966 | D:4      | Found the +4 skin of Zhor {*Englaciate rC+++ SInv}
 20092 | Lair:1   | Entered Level 1 of the Lair of Beasts
 20096 | Lair:1   | Noticed a boulder beetle
 20114 | Lair:1   | Killed a boulder beetle
 20610 | Lair:1   | Reached skill level 14 in Spellcasting
 20887 | Lair:1   | Noticed Prince Ribbit
 20910 | Lair:1   | Killed Prince Ribbit
 21652 | Lair:1   | Noticed Joseph
 21677 | Lair:1   | Killed Joseph
 21728 | Lair:1   | Noticed Urug
 22149 | Lair:1   | Killed Urug
 22796 | Lair:2   | Found a staircase to the Swamp.
 23079 | Lair:2   | Reached skill level 15 in Spellcasting
 23399 | Lair:2   | Noticed Gastronok
 23410 | Lair:2   | Killed Gastronok
 24534 | Lair:3   | Noticed a five-headed hydra
 24537 | Lair:3   | Killed a five-headed hydra
 24756 | Lair:3   | Reached XP level 13. HP: 63/63 MP: 21/34
 25089 | D:4      | Killed anacleto's ghost
 25208 | D:8      | Killed Jingleheimer's ghost
 26005 | Lair:3   | Noticed Nessos
 26016 | Lair:3   | Killed Nessos
 26017 | Lair:3   | Reached skill level 16 in Spellcasting
 26297 | Lair:3   | Noticed Rupert
 26311 | Lair:3   | Killed Rupert
 27243 | Lair:3   | Found a staircase to the Snake Pit.
 27405 | Lair:3   | Noticed FakeRyeBread's ghost (journeyman GrFE)
 27408 | Lair:3   | Found a runed translucent door.
 27421 | Lair:3   | Killed from afar by FakeRyeBread's ghost

Illustrated notes

Levels and vault maps discovered:
D:1:      lightli_arrival_windingriver, layout_basic,
          shapermc_ecumenical_altar_venn, minmay_misc_feat_rows
D:2:      layout_rooms, serial_glass, glass_columns_b, glass_columns_a
D:3:      layout_basic, elyvilon_altar_1, nicolae_uskayaw_en_pointe,
          nicolae_dithmenos_shadow_blocks, supply_closet_lemuel
D:4:      layout_basic, mainiacjoe_overflow_six_doors_small,
          nicolae_hepliaklqana_hazy_memory, mainiacjoe_overflow_brackets,
          mainiacjoe_overflow_chevrons, serial_shops, nicolae_shop_dealshenge,
          serial_bayou, serial_bayou_pond_b, serial_bayou_shore_a,
          serial_bayou_pond_b, serial_bayou_shore_b, gammafunk_ghost_grave,
          kennysheep_doodads, uniq_eustachio
D:5:      layout_basic, tso_metal_star, demons_altar, serial_shops, shop,
          corexii_shack, st_stairs_5, chequers_serial_rivers_micro_b,
          uniq_duvessa, uniq_pikel
D:6:      kennysheep_kobold_camp, layout_basic,
          nicolae_qazlal_general_emergency, minmay_temple_entry_enclosed_plants,
          grunt_decor_one_mirror
D:7:      layout_cave_pods
D:8:      minmay_octagon_keep, layout_cave_pods,
          mainiacjoe_overflow_catch_the_wave, ebering_ghost_gozag, uniq_grum
D:9:      minmay_razor_zed, layout_long_grid, david_lair_generic, uniq_erolcha
D:10:     layout_roguey, orc_0_dummy, serial_shops, shop_fountains,
          nicolae_trove_entry_crossroad, nicolae_shop_dragon_depot
Temple:   chequers_temple_sunken
Lair:1:   layout_regular_city, uniq_prince_ribbit2, uniq_joseph, uniq_urug
Lair:2:   layout_regular_city, skrybe_swamp_entry_bodies, uniq_gastronok
Lair:3:   lemuel_ratsnest, layout_cave_pods, nicolae_snake_entry_squirm,
          hellmonk_ghost_happy_afterlife, grunt_megastairs_5, uniq_rupert,
          uniq_nessos

Skill      XL: |  1  2  3  4  5  6  7  8  9 10 11 12 13 |
---------------+----------------------------------------+-----
Stealth        | 3 4 5 |  5.2
Dodging        | 3 4 |  4.7
Spellcasting   | 4 5 6 7 9 11 13 15 16 | 16.3
Conjurations   | 5 6 7 8 10 12 13 14 | 14.3
Hexes          | 1 4 |  4.0
Translocations | 3 |  3.2
Armour         | 2 3 4 |  4.0
Ice Magic      | 2 5 7 10 11 12 | 12.6
Air Magic      | 1 3 |  3.0
Poison Magic   | 1 3 |  3.0

Action                     |  1- 3 |  4- 6 |  7- 9 | 10-12 | 13-15 || total
---------------------------+-------+-------+-------+-------+-------++-------
  Melee: Quarterstaff      |       |     1 |     1 |     7 |     1 ||    10
   Cast: Magic Dart        |    94 |    80 |   115 |    49 |     6 ||   344
         Searing Ray       |     1 |    14 |    30 |    33 |     1 ||    79
         Fulminant Prism   |       |       |    24 |    40 |     4 ||    68
         Mephitic Cloud    |       |       |     2 |     5 |       ||     7
         Iskenderun's Myst |       |       |    17 |    59 |    16 ||    92
         Freezing Cloud    |       |       |       |    68 |    22 ||    90
         Poisonous Vapours |       |       |       |    10 |       ||    10
 Invoke: Call Merchant     |       |       |       |       |     1 ||     1
    Use: Scroll            |       |       |     8 |    13 |       ||    21
 Armour: Robe              |     2 |     6 |     7 |     2 |       ||    17
         Leather armour    |       |       |       |     5 |       ||     5
         Animal skin       |       |       |       |     2 |     3 ||     5
  Dodge: Dodged            |    11 |    13 |    44 |    59 |     7 ||   134
  Block: Other             |       |       |       |       |     4 ||     4
         Reflection        |       |       |       |       |     2 ||     2
